| TOP OF THE 1ST |
|
Lake County Captains batting - Pitching for Clinton LumberKings : LHP Andy Mathis
|
|
Pitching: LHP Andy Mathis
|
|
|
Batting: RHB Steve Gusman
|
0-0: Ball 1-0: Called Strike 1-1: Called Strike 1-2: Foul Ball, location: 2F 1-2: Fly out, F8 (Flyball, 8LD, EV 90.0 MPH)
|
|
Batting: RHB David Schweitzer
|
0-0: Ball 1-0: Swinging Strike 1-1: Ball 2-1: Ball 3-1: Foul Ball, location: 2F 3-2: Ground out 5-3 (Groundball, 56, EV 104.4 MPH)
|
|
Batting: LHB Devon Grant
|
0-0: Ball 1-0: Ground out 1-3 (Groundball, 13S, EV 65.0 MPH)
|
| Top of the 1st over - 0 runs, 0 hits, 0 errors, 0 left on base; Lake County 0 - Clinton 0 |
| BOTTOM OF THE 1ST |
|
Clinton LumberKings batting - Pitching for Lake County Captains : LHP Darrell Verkaik
|
|
Pitching: LHP Darrell Verkaik
|
|
|
Batting: RHB Nick Edmunds
|
0-0: Ball 1-0: Foul Ball, location: 2F 1-1: Foul Ball, location: 2F 1-2: Strikes out swinging
|
|
Batting: RHB Jesus Santiago
|
0-0: Ball 1-0: Foul Ball, location: 2F 1-1: Called Strike 1-2: Ball 2-2: Fly out, F6 (Popup, 6D, EV 74.4 MPH)
|
|
Batting: RHB Ryan Criollo
|
0-0: Ball 1-0: Ball 2-0: Swinging Strike 2-1: Ground out 1-3 (Groundball, P, EV 75.0 MPH)
|
| Bottom of the 1st over - 0 runs, 0 hits, 0 errors, 0 left on base; Lake County 0 - Clinton 0 |
| TOP OF THE 2ND |
|
Lake County Captains batting - Pitching for Clinton LumberKings : LHP Andy Mathis
|
|
Batting: LHB Danny Moreno
|
0-0: Ground out 3-1 (Groundball, 34S, EV 85.0 MPH)
|
|
Batting: RHB Ricky Butts
|
0-0: Called Strike 0-1: Ball 1-1: Swinging Strike 1-2: Foul Ball, location: 2F 1-2: Foul Ball, location: 2F 1-2: Ground out 5-3 (Groundball, 56, EV 108.1 MPH)
|
|
Batting: RHB Josh Stinnett
|
0-0: Called Strike 0-1: Ball 1-1: Called Strike 1-2: Ball 2-2: Ground out U3 (Groundball, 3, EV 103.8 MPH)
|
| Top of the 2nd over - 0 runs, 0 hits, 0 errors, 0 left on base; Lake County 0 - Clinton 0 |
| BOTTOM OF THE 2ND |
|
Clinton LumberKings batting - Pitching for Lake County Captains : LHP Darrell Verkaik
|
|
Batting: RHB Tze-meng Li
|
0-0: Ground out U3 (Groundball, 3, EV 109.4 MPH)
|
|
Batting: SHB Garrett McKenna
|
0-0: Called Strike 0-1: Foul Ball, location: 2F 0-2: Ball 1-2: Fly out, F7 (Flyball, 78D, EV 85.0 MPH)
|
|
Batting: SHB Tony Morales
|
0-0: Called Strike 0-1: Ball 1-1: Ball 2-1: Foul Ball, location: 2F 2-2: Strikes out swinging
|
| Bottom of the 2nd over - 0 runs, 0 hits, 0 errors, 0 left on base; Lake County 0 - Clinton 0 |
| TOP OF THE 3RD |
|
Lake County Captains batting - Pitching for Clinton LumberKings : LHP Andy Mathis
|
|
Batting: RHB Reynaldo Herrera
|
0-0: Called Strike 0-1: Ball 1-1: Ground out 3-1 (Groundball, 34S, EV 83.8 MPH)
|
|
Batting: RHB Chris Rosinsky
|
0-0: Ball 1-0: Foul Ball, location: 2F 1-1: Reached on error, E5 (Groundball, 56, EV 85.0 MPH)
|
|
Batting: RHB Gashie Chimsima
|
0-0: Ball 1-0: Fielders Choice at 2nd, 4-6 (Groundball, 4, EV 88.8 MPH)
|
|
Batting: RHB Steve Gusman
|
0-0: Called Strike Gashie Chimsima steals 2nd base 0-1: Ball 1-1: Swinging Strike 1-2: Foul Ball, location: 2F 1-2: Ball 2-2: Ball 3-2: Foul Ball, location: 2F 3-2: Foul Ball, location: 2F 3-2: Foul Ball, location: 2F 3-2: Foul Ball, location: 2F 3-2: Foul Ball, location: 2F 3-2: Foul Ball, location: 2F 3-2: SINGLE (Line Drive, 7LS, EV 105.0 MPH) Gashie Chimsima to third Runner from 3rd tries for Home, SAFE, throw by LF to home
|
|
Batting: RHB David Schweitzer
|
0-0: Ball 1-0: Called Strike 1-1: Fly out, F5 (Line Drive, 5, EV 66.2 MPH)
|
| Top of the 3rd over - 1 run, 1 hit, 1 error, 1 left on base; Lake County 1 - Clinton 0 |
| BOTTOM OF THE 3RD |
|
Clinton LumberKings batting - Pitching for Lake County Captains : LHP Darrell Verkaik
|
|
Batting: LHB Kenny Gerrity
|
0-0: Called Strike 0-1: Ball 1-1: Ground out 4-3 (Groundball, 4M, EV 85.6 MPH)
|
|
Batting: LHB Chang Huie
|
0-0: Bunted foul 0-1: Ball 1-1: Called Strike 1-2: Foul Ball, location: 2F 1-2: Ball 2-2: Ball 3-2: Base on Balls
|
|
Batting: RHB Franklin Romero
|
0-0: Ball 1-0: Grounds into double play, 6-4-3 (Groundball, 6, EV 103.1 MPH)
|
| Bottom of the 3rd over - 0 runs, 0 hits, 0 errors, 0 left on base; Lake County 1 - Clinton 0 |
| TOP OF THE 4TH |
|
Lake County Captains batting - Pitching for Clinton LumberKings : LHP Andy Mathis
|
|
Batting: LHB Devon Grant
|
0-0: Ball 1-0: DOUBLE (Flyball, 78D, EV 93.1 MPH)
|
|
Batting: LHB Danny Moreno
|
0-0: Foul Ball, location: 2F 0-1: Ball 1-1: Ball 2-1: Called Strike 2-2: Ball 3-2: Base on Balls
|
|
Batting: RHB Ricky Butts
|
0-0: Ball Devon Grant steals 3rd base Danny Moreno to second 1-0: Ball 2-0: Ground out 5-3 (Groundball, 5S, EV 91.2 MPH)
|
|
Batting: RHB Josh Stinnett
|
0-0: Ball 1-0: Ball 2-0: Ground out 6-3 (Groundball, P, EV 83.8 MPH) Devon Grant scores Danny Moreno to third
|
|
Batting: RHB Reynaldo Herrera
|
0-0: Called Strike 0-1: Ball 1-1: Ball 2-1: Ground out 6-3 (Groundball, 6, EV 80.6 MPH)
|
| Top of the 4th over - 1 run, 1 hit, 0 errors, 1 left on base; Lake County 2 - Clinton 0 |
| BOTTOM OF THE 4TH |
|
Clinton LumberKings batting - Pitching for Lake County Captains : LHP Darrell Verkaik
|
|
Batting: RHB Nick Edmunds
|
0-0: Called Strike 0-1: Ball 1-1: Ball 2-1: Called Strike 2-2: Foul Ball, location: 2F 2-2: Strikes out swinging
|
|
Batting: RHB Jesus Santiago
|
0-0: Ball 1-0: Ball 2-0: Called Strike 2-1: Ball 3-1: SOLO HOME RUN (Flyball, 9D, EV 98.8 MPH), Distance : 402 ft
|
|
Batting: RHB Ryan Criollo
|
0-0: Swinging Strike 0-1: Ball 1-1: Ball 2-1: Foul Ball, location: 2F 2-2: Strikes out swinging
|
|
Batting: RHB Tze-meng Li
|
0-0: Ball 1-0: Foul Ball, location: 2F 1-1: Ground out 5-3 (Groundball, 5, EV 79.4 MPH)
|
| Bottom of the 4th over - 1 run, 1 hit, 0 errors, 0 left on base; Lake County 2 - Clinton 1 |
| TOP OF THE 5TH |
|
Lake County Captains batting - Pitching for Clinton LumberKings : LHP Andy Mathis
|
|
Batting: RHB Chris Rosinsky
|
0-0: Foul Ball, location: 2F 0-1: Ball 1-1: Foul Ball, location: 2F 1-2: Strikes out looking
|
|
Batting: RHB Gashie Chimsima
|
0-0: Foul Ball, location: 2F 0-1: Swinging Strike 0-2: Ball 1-2: Ball 2-2: Foul Ball, location: 2F 2-2: Ball 3-2: Ground out 4-3 (Groundball, 4, EV 87.5 MPH)
|
|
Batting: RHB Steve Gusman
|
0-0: Ball 1-0: Called Strike 1-1: Ground out 4-3 (Groundball, 4D, EV 77.5 MPH)
|
| Top of the 5th over - 0 runs, 0 hits, 0 errors, 0 left on base; Lake County 2 - Clinton 1 |
| BOTTOM OF THE 5TH |
|
Clinton LumberKings batting - Pitching for Lake County Captains : LHP Darrell Verkaik
|
|
Batting: SHB Garrett McKenna
|
0-0: Ball 1-0: Ground out 5-3 (Groundball, 56, EV 94.4 MPH)
|
|
Batting: SHB Tony Morales
|
0-0: Ball 1-0: Called Strike 1-1: Foul Ball, location: 2F 1-2: Ball 2-2: Foul Ball, location: 2F 2-2: Ball 3-2: Fly out, F8 (Flyball, 89D, EV 102.5 MPH)
|
|
Batting: LHB Kenny Gerrity
|
0-0: Ball 1-0: Called Strike 1-1: Foul Ball, location: 2F 1-2: Ball 2-2: Foul Ball, location: 2F 2-2: Foul Ball, location: 2F 2-2: Ball 3-2: Strikes out swinging
|
| Bottom of the 5th over - 0 runs, 0 hits, 0 errors, 0 left on base; Lake County 2 - Clinton 1 |
| TOP OF THE 6TH |
|
Lake County Captains batting - Pitching for Clinton LumberKings : LHP Andy Mathis
|
|
Pitching: LHP Adam Parrish
|
|
|
Batting: RHB David Schweitzer
|
0-0: Ball 1-0: Called Strike 1-1: Foul Ball, location: 2F 1-2: Ball 2-2: Ball 3-2: Ground out 5-3 (Groundball, 5S, EV 90.0 MPH)
|
|
Batting: LHB Devon Grant
|
0-0: SINGLE (Groundball, 4D, EV 99.4 MPH)
|
|
Batting: LHB Danny Moreno
|
0-0: Called Strike 0-1: Called Strike 0-2: Ball 1-2: Foul Ball, location: 2F 1-2: Fly out, F9 (Flyball, 9D, EV 106.9 MPH)
|
|
Batting: RHB Ricky Butts
|
0-0: Fielders Choice at 2nd, 6-4 (Groundball, 6, EV 81.2 MPH)
|
| Top of the 6th over - 0 runs, 1 hit, 0 errors, 1 left on base; Lake County 2 - Clinton 1 |
| BOTTOM OF THE 6TH |
|
Clinton LumberKings batting - Pitching for Lake County Captains : LHP Darrell Verkaik
|
|
Batting: LHB Chang Huie
|
0-0: Ground out U3 (Groundball, 34, EV 88.1 MPH)
|
|
Batting: RHB Franklin Romero
|
0-0: Foul Ball, location: 2F 0-1: Ball 1-1: Called Strike 1-2: Ball 2-2: Strikes out swinging
|
|
Batting: RHB Nick Edmunds
|
0-0: Called Strike 0-1: Ball 1-1: Ball 2-1: Foul Ball, location: 2F 2-2: Ball 3-2: Ground out 6-3 (Groundball, 6S, EV 68.1 MPH)
|
| Bottom of the 6th over - 0 runs, 0 hits, 0 errors, 0 left on base; Lake County 2 - Clinton 1 |
| TOP OF THE 7TH |
|
Lake County Captains batting - Pitching for Clinton LumberKings : LHP Adam Parrish
|
|
Pitching: LHP Ben Burton
|
|
|
Batting: RHB Josh Stinnett
|
0-0: Called Strike 0-1: Swinging Strike 0-2: Foul Ball, location: 2F 0-2: Strikes out swinging
|
|
Batting: RHB Reynaldo Herrera
|
0-0: Called Strike 0-1: Called Strike 0-2: Ball 1-2: Foul Ball, location: 2F 1-2: Strikes out looking
|
|
Batting: RHB Chris Rosinsky
|
0-0: Ball 1-0: Ball 2-0: Ball 3-0: Called Strike 3-1: Foul Ball, location: 2F 3-2: Fly out, F9 (Line Drive, 9LM, EV 95.6 MPH)
|
| Top of the 7th over - 0 runs, 0 hits, 0 errors, 0 left on base; Lake County 2 - Clinton 1 |
| BOTTOM OF THE 7TH |
|
Clinton LumberKings batting - Pitching for Lake County Captains : LHP Darrell Verkaik
|
|
Batting: RHB Jesus Santiago
|
0-0: Called Strike 0-1: Called Strike 0-2: Fly out, F8 (Flyball, 8LD, EV 103.8 MPH)
|
|
Pitching: RHP Victor Amador
|
|
|
Batting: RHB Ryan Criollo
|
0-0: Ball 1-0: SINGLE (Groundball, 6MD, EV 97.5 MPH)
|
|
Batting: RHB Tze-meng Li
|
|
|
Batting: LHB Jason Hopkins
|
0-0: Called Strike Ryan Criollo steals 2nd base 0-1: SINGLE (Groundball, 2R, EV 64.4 MPH) (infield hit) Ryan Criollo to third
|
|
Batting: SHB Garrett McKenna
|
0-0: Grounds into double play, 4-6-3 (Groundball, 4, EV 80.0 MPH)
|
| Bottom of the 7th over - 0 runs, 2 hits, 0 errors, 1 left on base; Lake County 2 - Clinton 1 |
| TOP OF THE 8TH |
|
Lake County Captains batting - Pitching for Clinton LumberKings : LHP Ben Burton
|
|
Pitching: RHP Jace Daniels
|
|
|
Batting: RHB Gashie Chimsima
|
0-0: Ball 1-0: Ground out 5-3 (Groundball, 56S, EV 61.2 MPH)
|
|
Batting: RHB Steve Gusman
|
0-0: Called Strike 0-1: Called Strike 0-2: Ball 1-2: SINGLE (Groundball, 6MS, EV 67.5 MPH) (infield hit)
|
|
Batting: RHB David Schweitzer
|
0-0: Ball 1-0: Ball Steve Gusman is caught stealing 2nd base 2-4 2-0: Ball 3-0: Called Strike 3-1: Foul Ball, location: 2F 3-2: Fly out, F8 (Flyball, 8LD, EV 90.6 MPH)
|
| Top of the 8th over - 0 runs, 1 hit, 0 errors, 0 left on base; Lake County 2 - Clinton 1 |
| BOTTOM OF THE 8TH |
|
Clinton LumberKings batting - Pitching for Lake County Captains : RHP Victor Amador
|
|
Batting: SHB Tony Morales
|
0-0: SINGLE (Groundball, 25, EV 68.8 MPH) (infield hit)
|
|
Batting: LHB Kenny Gerrity
|
0-0: Ball 1-0: Ball 2-0: Bunted foul 2-1: Bunt missed! 2-2: 2-RUN HOME RUN (Flyball, 89XD, EV 115.6 MPH), Distance : 437 ft
|
|
Batting: LHB Chang Huie
|
0-0: Ball 1-0: Ball 2-0: Ground out 6-3 (Groundball, 6, EV 87.5 MPH)
|
|
Batting: RHB Franklin Romero
|
0-0: Called Strike 0-1: Ball 1-1: Swinging Strike 1-2: Ball 2-2: Strikes out swinging
|
|
Batting: RHB Nick Edmunds
|
0-0: Ball 1-0: Fly out, F6 (Flyball, 6D, EV 92.5 MPH)
|
| Bottom of the 8th over - 2 runs, 2 hits, 0 errors, 0 left on base; Lake County 2 - Clinton 3 |
| TOP OF THE 9TH |
|
Lake County Captains batting - Pitching for Clinton LumberKings : RHP Jace Daniels
|
|
Pitching: RHP Willie Sanchez
|
|
|
Now in RF: Ryan Rothenbach
|
|
|
Batting: LHB Devon Grant
|
0-0: Swinging Strike 0-1: Ball 1-1: Ball 2-1: Foul Ball, location: 2F 2-2: Strikes out swinging
|
|
Batting: LHB Danny Moreno
|
0-0: Ball 1-0: Foul Ball, location: 2F 1-1: Fly out, F8 (Flyball, 8RM, EV 78.8 MPH)
|
|
Batting: RHB Ricky Butts
|
0-0: Ball 1-0: Ball 2-0: Fly out, F5 (Popup, 56S, EV 81.9 MPH)
|
| Top of the 9th over - 0 runs, 0 hits, 0 errors, 0 left on base; Lake County 2 - Clinton 3 |
|